Unix NetHack Version 5.0.0-0 post-release - last build May 17 2026 04:57:42 (dc50c8380fa5e20985bfe3072449f57b8d9895ef,branch:main).

Game began 2026-05-19 05:34:32, ended 2026-05-19 08:01:39.

ArrBianca, neutral female human Tourist

                                                                 --------
                                                                 |......|
                                       ----                      |......|
                                       ...|                      |......|
 -----                                 .(.|                      -.------
 |...|                                *...                        #
 |....#                               .$.                         #
 |.[F|###                            ..                           ##
 |....###############     ###        B                             ######
 |...|  #     #######    # # #    #f@e                                  ##
 ---.-  #     ##    0#########  # #                          0#########  #
        #  ---.--------  ## *    ##                                   #######
        #  |...........##########*#########                        ------.--|-
        ###-..........|  ## ##    #       ######                   |.........|
           |..........|      ##   #            ###                 |.........|
           |....<.....|     ###---.--------      #             ####.....(....|
           ------------       #-..........|      #             #   |.........|
                               |..........|      ###############   -----------
                               ------------

ArrBianca the Sightseer     St:10 Dx:14 Co:14 In:15 Wi:7 Ch:16  Neutral
Dlvl:5  $:526 HP:0(30) Pw:10(10) AC:10 Xp:4 T:2227 

Latest messages:
 You miss the rock mole.
 The rock mole bites!
 Komo bites the rock mole.
 You hit the rock mole.
 Komo misses the rock mole.
 Komo bites the rock mole.
 The rock mole is killed!
 Talk to whom? (in what direction) h
 Komo purrs.
 Komo eats a rock mole corpse.
 You stop.  Komo is in the way!
 You stop.  Komo is in the way!
 You stop.  Komo is in the way!
 You see here a rock.
 You are carrying too much to get through.
 What do you want to eat? [bdegtI or ?*] b
 This food really hits the spot!
 You finish eating the food ration.
 Komo misses the iguana.
 Komo bites the iguana.
 The iguana bites Komo.
 You already found a monster.  Use 'm' prefix to force another search.
 You already found a monster.  Use 'm' prefix to force another search.
 Komo misses the iguana.
 You miss the iguana.
 Komo misses the iguana.
 Komo bites the iguana.
 The iguana is killed!
 Komo picks up a rock.
 What do you want to eat? [bdegtI or ?*] <space>
 Never mind.
 Komo drops a rock.
 You stop.  Komo is in the way!
 You see here a rock.
 Komo drops a rock.
 You miss the floating eye.
 You are frozen by the floating eye's gaze!
 Komo drops a rock.
 The giant bat bites!
 The giant bat bites!
 The giant bat bites!
 The giant bat bites!
 The giant bat bites!
 The giant bat bites!
 The giant bat bites!
 The giant bat bites!
 The giant bat bites!
 You die...
 Do you want your possessions identified? [ynq] (y) y
 Do you want to see your attributes? [ynq] (y) q

Inventory:
 Coins    ('$')
  $ - 526 gold pieces
 Weapons  (')')
  a - 24 +2 darts (at the ready)
 Armor    ('[')
  G - an uncursed +0 helm of telepathy
  j - an uncursed +0 Hawaiian shirt with an orchid motif (being worn)
 Comestibles  ('%')
  I - an uncursed head of romanesco
  g - an uncursed banana
  t - an uncursed cream pie
  b - 6 uncursed food rations
  d - 4 uncursed lembas wafers
  e - an uncursed tin of stir fried lichen
 Scrolls  ('?')
  K - an uncursed scroll of destroy armor
  p - 2 uncursed scrolls of enchant armor
  w - an uncursed scroll of fire
  s - an uncursed scroll of identify
  E - an uncursed scroll of light
  i - 4 uncursed scrolls of magic mapping
 Spellbooks  ('+')
  H - an uncursed spellbook of healing
 Potions  ('!')
  h - 3 uncursed potions of extra healing
  r - a cursed potion of extra healing
  o - 2 uncursed potions of healing
  x - an uncursed potion of invisibility
  u - an uncursed potion of sleeping
  D - a cursed potion of speed
 Wands    ('/')
  f - a wand of light (0:13)
  J - a wand of polymorph (0:8)
 Tools    ('(')
  l - an uncursed credit card
  k - an expensive camera (0:69)
  m - an uncursed leash
  z - an uncursed leash

ArrBianca the Tourist's attributes:

Background:
 You were a Sightseer, a level 4 female human Tourist.
 You were neutral, on a mission for The Lady
 who was opposed by Blind Io (lawful) and Offler (chaotic).
 You were right-handed.
 You were in the Dungeons of Doom, on level 5.
 You entered the dungeon 2227 turns ago.
 There was a new moon in effect when your adventure ended.
 You had 88 experience points, 72 more were needed to attain level 5.

Basics:
 You had 0 out of 30 hit points.
 You had all 10 energy points (spell power).
 Your armor class was 10.
 Your wallet contained 526 zorkmids.
 Autopickup was on for '$?!/="+%' plus thrown, with exceptions.

Final Characteristics:
 Your strength was 10 (limit:18/100).
 Your dexterity was 14 (limit:18).
 Your constitution was 14 (limit:18).
 Your intelligence was 15 (limit:18).
 Your wisdom was 7 (limit:18).
 Your charisma was 16 (limit:18).

Final Status:
 You were chained to a heavy iron ball.
 You weren't hungry.
 You were unencumbered.
 You were bare handed.
 You were unskilled in bare handed combat and could have enhanced that.

Final Attributes:
 You were devoutly aligned.
 You were poison resistant.
 You are dead.

Miscellaneous:
 You didn't encounter any bones levels.
 Total elapsed playing time was 25 minutes and 32 seconds.

Major events:
 Turn
    1: ArrBianca the neutral female human Tourist entered the dungeon
  885: attained the rank of Sightseer (level 3)
 2227: killed by a giant bat, while frozen by a floating eye's gaze

Spells:
 Name                 Level Category     Fail Retention
 healing                1   healing       11%  76%-100%

Skills:
 Fighting Skills
   bare handed combat [Unskilled]
   two weapon combat  [Unskilled]
   riding             [Unskilled]
 Weapon Skills
   dagger             [Unskilled]
   knife              [Unskilled]
   axe                [Unskilled]
   pick-axe           [Unskilled]
   short sword        [Unskilled]
   broadsword         [Unskilled]
   long sword         [Unskilled]
   two-handed sword   [Unskilled]
   saber              [Unskilled]
   mace               [Unskilled]
   morning star       [Unskilled]
   flail              [Unskilled]
   hammer             [Unskilled]
   quarterstaff       [Unskilled]
   polearms           [Unskilled]
   spear              [Unskilled]
   trident            [Unskilled]
   lance              [Unskilled]
   bow                [Unskilled]
   sling              [Unskilled]
   crossbow           [Unskilled]
   dart               [Basic]
   shuriken           [Unskilled]
   boomerang          [Unskilled]
   whip               [Unskilled]
   unicorn horn       [Unskilled]
 Spellcasting Skills
   divination spells  [Unskilled]
   enchantment spells [Unskilled]
   escape spells      [Unskilled]

Voluntary challenges:
 Character rerolling was not enabled.
 You never hit with a wielded weapon.
 You never genocided any monsters.
 You never polymorphed an object.
 You never changed form.
 You used no wishes.
Achievements:
 You attained the rank of Sightseer.
 You entered a shop.

 The Dungeons of Doom: levels 1 to 5
    Level 1:
       A fountain.
    Level 2:
       A sink.
    Level 3:
       A fountain.
    Level 4:
       A general store, some fountains.
    Level 5: <- You were here.
       Final resting place for
          you, killed by a giant bat, while frozen by a floating eye's gaze.


Vanquished creatures:
  a rock mole
  a shrieker
  a kitten
  a wererat
  3 iguanas
  a coyote
  a large kobold
  a giant rat
  a cave spider
  2 yellow molds
  a red mold
  2 gnomes
  3 garter snakes
  a gnome zombie
  a gecko
  2 jackals
  a kobold
  a sewer rat
  5 lichens
  a kobold zombie
  2 newts
33 creatures vanquished.

No species were genocided or became extinct.

Game over:
                       ----------
                      /          \
                     /    REST    \
                    /      IN      \
                   /     PEACE      \
                  /                  \
                  |    ArrBianca     |
                  |      526 Au      |
                  |   killed by a    |
                  |    giant bat     |
                  |                  |
                  |                  |
                  |       2026       |
                 *|     *  *  *      | *
        _________)/\\_//(\/(/\)/\//\/|_)_______

Aloha ArrBianca the Tourist...

You died in The Dungeons of Doom on dungeon level 5 with 613 points,
and 526 pieces of gold, after 2227 moves.
You were level 4 with a maximum of 30 hit points when you died.

